MLB
WASHINGTON NATIONALS @ TORONTO BLUE JAYS
04/01/2025
 
TOP OF THE 1ST
Washington Nationals batting - Pitching for Toronto Blue Jays : RHP Eric Kennedy
Pitching: RHP Eric Kennedy
Batting: LHB David Dahl 0-0: Ball
1-0: Called Strike
1-1: Called Strike
1-2: Ball
2-2: Foul Ball, location: 3F
2-2: Strikes out swinging
Batting: LHB Shane Mardirosian 0-0: Called Strike
0-1: Ball
1-1: Foul Ball, location: 2F
1-2: Ball
2-2: Strikes out swinging
Batting: RHB Manny Machado 0-0: Ball
1-0: SOLO HOME RUN (Flyball, 7LD, EV 90.6 MPH), Distance : 349 ft
Batting: LHB Bryce Harper 0-0: Called Strike
0-1: Swinging Strike
0-2: Strikes out looking
Top of the 1st over - 1 run, 1 hit, 0 errors, 0 left on base; Washington 1 - Toronto 0
BOTTOM OF THE 1ST
Toronto Blue Jays batting - Pitching for Washington Nationals : RHP Mike Adkins
Pitching: RHP Mike Adkins
Batting: LHB Nick Gordon 0-0: Ball
1-0: Ball
2-0: Ball
3-0: Called Strike
3-1: Fly out, F9 (Flyball, 9D, EV 81.3 MPH)
Batting: LHB Rob Holt 0-0: Foul Ball, location: 5F
0-1: SINGLE (Line Drive, 89M, EV 100.6 MPH)
Batting: LHB Álex Guiñónes 0-0: Fielders Choice at 2nd, 3-6 (Groundball, 3, EV 101.9 MPH)
Batting: LHB Rintaro Ikeda 0-0: Ball
1-0: Ball
2-0: Foul Ball, location: 9LDF
2-1: Ball
3-1: Called Strike
3-2: Foul Ball, location: 7LMF
3-2: Foul Ball, location: 2F
3-2: DOUBLE (Line Drive, 78XD, EV 101.3 MPH)
Álex Guiñónes to third
Álex Guiñónes scores
Batting: RHB Anthony Rendon 0-0: SINGLE (Line Drive, 6MD, EV 104.4 MPH)
Rintaro Ikeda to third
Runner from 3rd tries for Home, throw by CF and OUT! 8-2
Bottom of the 1st over - 1 run, 3 hits, 0 errors, 1 left on base; Washington 1 - Toronto 1
TOP OF THE 2ND
Washington Nationals batting - Pitching for Toronto Blue Jays : RHP Eric Kennedy
Batting: RHB Christian Walker 0-0: Ball
1-0: Fly out, F7 (Flyball, 78S, EV 83.1 MPH)
Batting: RHB Oscar Hernandez 0-0: Ball
1-0: Ball
2-0: DOUBLE (Line Drive, 8RXD, EV 106.9 MPH)
Batting: RHB Miguel Sano 0-0: Ball
1-0: Foul Ball, location: 3FF
1-1: Ball
2-1: Swinging Strike
2-2: Ball
3-2: SINGLE (Line Drive, 4D, EV 96.3 MPH)
Oscar Hernandez to third
Batting: RHB Jeremy Austin 0-0: Ball
1-0: Ball
2-0: Called Strike
2-1: Ball
3-1: Called Strike
3-2: Strikes out swinging
Batting: RHB Mathies Reuter 0-0: Called Strike
0-1: Called Strike
0-2: Ball
1-2: Strikes out swinging
Top of the 2nd over - 0 runs, 2 hits, 0 errors, 2 left on base; Washington 1 - Toronto 1
BOTTOM OF THE 2ND
Toronto Blue Jays batting - Pitching for Washington Nationals : RHP Mike Adkins
Batting: LHB Alfredo Salinas 0-0: Ground out 4-3 (Groundball, 4, EV 106.9 MPH)
Batting: SHB Maake Arnold 0-0: Ball
1-0: Called Strike
1-1: Ground out 4-3 (Groundball, 4S, EV 68.1 MPH)
Batting: SHB Yasmani Grandal 0-0: Ball
1-0: Foul Ball, location: 2F
1-1: Foul Ball, location: 3SF
1-2: Ground out U3 (Groundball, 3, EV 92.5 MPH)
Bottom of the 2nd over - 0 runs, 0 hits, 0 errors, 0 left on base; Washington 1 - Toronto 1
TOP OF THE 3RD
Washington Nationals batting - Pitching for Toronto Blue Jays : RHP Eric Kennedy
Batting: LHB David Dahl 0-0: Called Strike
0-1: Called Strike
0-2: Fly out, F5 (Line Drive, 5L, EV 69.4 MPH)
Batting: LHB Shane Mardirosian 0-0: Ball
1-0: Ground out 5-3 (Groundball, 56, EV 108.8 MPH)
Batting: RHB Manny Machado 0-0: Ball
1-0: Called Strike
1-1: DOUBLE (Flyball, 8LXD, EV 112.5 MPH)
Batting: LHB Bryce Harper 0-0: Ball
1-0: Ball
2-0: Called Strike
2-1: Foul Ball, location: 2F
2-2: SINGLE (Groundball, 34D, EV 101.9 MPH)
Manny Machado to third
Runner from 3rd tries for Home, SAFE, throw by RF to home
Batting: RHB Christian Walker 0-0: Called Strike
0-1: Foul Ball, location: 5F
0-2: Foul Ball, location: 5F
0-2: Strikes out swinging
Top of the 3rd over - 1 run, 2 hits, 0 errors, 1 left on base; Washington 2 - Toronto 1
BOTTOM OF THE 3RD
Toronto Blue Jays batting - Pitching for Washington Nationals : RHP Mike Adkins
Batting: RHB Josh Morgan 0-0: Ball
1-0: Ball
2-0: Foul Ball, location: 9LDF
2-1: Ball
3-1: Ground out 6-3 (Groundball, 6, EV 95.0 MPH)
Batting: LHB Nick Gordon 0-0: Ground out 4-3 (Groundball, 13, EV 86.3 MPH)
Batting: LHB Rob Holt 0-0: Ball
1-0: Called Strike
1-1: Ball
2-1: Foul Ball, location: 7LMF
2-2: Ball
3-2: Foul Ball, location: 25F
3-2: Ground out 1-3 (Groundball, 15S, EV 70.0 MPH)
Bottom of the 3rd over - 0 runs, 0 hits, 0 errors, 0 left on base; Washington 2 - Toronto 1
TOP OF THE 4TH
Washington Nationals batting - Pitching for Toronto Blue Jays : RHP Eric Kennedy
Batting: RHB Oscar Hernandez 0-0: Called Strike
0-1: Ball
1-1: Ball
2-1: Foul Ball, location: 2F
2-2: Ground out 6-3 (Groundball, P, EV 92.5 MPH)
Batting: RHB Miguel Sano 0-0: Called Strike
0-1: Ground out 6-3 (Groundball, 56, EV 86.3 MPH)
Batting: RHB Jeremy Austin 0-0: Ball
1-0: Foul Ball, location: 2F
1-1: Foul Ball, location: 2F
1-2: Strikes out looking
Top of the 4th over - 0 runs, 0 hits, 0 errors, 0 left on base; Washington 2 - Toronto 1
BOTTOM OF THE 4TH
Toronto Blue Jays batting - Pitching for Washington Nationals : RHP Mike Adkins
Batting: LHB Álex Guiñónes 0-0: Ball
1-0: SINGLE (Line Drive, 8RS, EV 91.3 MPH)
Batting: LHB Rintaro Ikeda 0-0: Ball
1-0: Ball
2-0: Ball
3-0: Called Strike
3-1: Called Strike
3-2: Strikes out swinging
Batting: RHB Anthony Rendon 0-0: Called Strike
0-1: Foul Ball, location: 2RF
0-2: Foul Ball, location: 2F
0-2: Strikes out swinging
Batting: LHB Alfredo Salinas 0-0: Ball
1-0: Ground out 4-3 (Groundball, 4, EV 89.4 MPH)
Bottom of the 4th over - 0 runs, 1 hit, 0 errors, 1 left on base; Washington 2 - Toronto 1
TOP OF THE 5TH
Washington Nationals batting - Pitching for Toronto Blue Jays : RHP Eric Kennedy
Batting: RHB Mathies Reuter 0-0: Ball
1-0: Ball
2-0: Ball
3-0: Base on Balls
Batting: LHB David Dahl 0-0: Ball
1-0: SINGLE (Line Drive, 6D, EV 99.4 MPH)
Mathies Reuter to second
Batting: LHB Shane Mardirosian 0-0: Swinging Strike
0-1: Fielders Choice at 2nd, 4-6 (Groundball, 4, EV 101.3 MPH)
Mathies Reuter to third
Batting: RHB Manny Machado 0-0: Ball
1-0: Foul Ball, location: 2F
1-1: Called Strike
1-2: Fly out, F3 (Popup, 34S, EV 90.0 MPH)
Batting: LHB Bryce Harper 0-0: Called Strike
0-1: Ball
1-1: Fly out, F1 (Popup, P, EV 76.3 MPH)
Top of the 5th over - 0 runs, 1 hit, 0 errors, 2 left on base; Washington 2 - Toronto 1
BOTTOM OF THE 5TH
Toronto Blue Jays batting - Pitching for Washington Nationals : RHP Mike Adkins
Batting: SHB Maake Arnold 0-0: Ball
1-0: Foul Ball, location: 7LSF
1-1: Swinging Strike
1-2: Ball
2-2: Ball
3-2: Foul Ball, location: 2F
3-2: Ground out 4-3 (Groundball, 4M, EV 103.1 MPH)
Batting: SHB Yasmani Grandal 0-0: Foul Ball, location: 3DF
0-1: Ball
1-1: Ball
2-1: Ground out U3 (Groundball, 34S, EV 89.4 MPH)
Batting: RHB Josh Morgan 0-0: Called Strike
0-1: Foul Ball, location: 9LSF
0-2: Ball
1-2: Ball
2-2: DOUBLE (Flyball, 8LXD, EV 95.6 MPH)
Batting: LHB Nick Gordon 0-0: Foul Ball, location: 7LSF
0-1: Ball
1-1: Fly out, F6 (Popup, 6D, EV 46.9 MPH)
Bottom of the 5th over - 0 runs, 1 hit, 0 errors, 1 left on base; Washington 2 - Toronto 1
TOP OF THE 6TH
Washington Nationals batting - Pitching for Toronto Blue Jays : RHP Eric Kennedy
Batting: RHB Christian Walker 0-0: Ball
1-0: Called Strike
1-1: Ball
2-1: Foul Ball, location: 9LDF
2-2: Foul Ball, location: 9LMF
2-2: Ball
3-2: Strikes out swinging
Batting: RHB Oscar Hernandez 0-0: Ball
1-0: Called Strike
1-1: Foul Ball, location: 9LDF
1-2: Ball
2-2: Ground out 6-3 (Groundball, 56, EV 98.8 MPH)
Batting: RHB Miguel Sano 0-0: Foul Ball, location: 5SF
0-1: Ball
1-1: Foul Ball, location: 23F
1-2: SOLO HOME RUN (Flyball, 9D, EV 95.6 MPH), Distance : 362 ft
Pitching: RHP Eric Morgan
Batting: RHB Jeremy Austin 0-0: Swinging Strike
0-1: Swinging Strike
0-2: Ball
1-2: Ball
2-2: Strikes out looking
Top of the 6th over - 1 run, 1 hit, 0 errors, 0 left on base; Washington 3 - Toronto 1
BOTTOM OF THE 6TH
Toronto Blue Jays batting - Pitching for Washington Nationals : RHP Mike Adkins
Batting: LHB Rob Holt 0-0: Called Strike
0-1: Fly out, F7 (Flyball, 7, EV 99.4 MPH)
Batting: LHB Álex Guiñónes 0-0: Ball
1-0: Ball
2-0: Called Strike
2-1: Ball
3-1: Called Strike
3-2: SOLO HOME RUN (Flyball, 7D, EV 96.9 MPH), Distance : 368 ft
Pitching: RHP Doug Foster
Batting: LHB Rintaro Ikeda 0-0: Foul Ball, location: 7LSF
0-1: Foul Ball, location: 25F
0-2: Ball
1-2: SOLO HOME RUN (Flyball, 9D, EV 95.6 MPH), Distance : 371 ft
Batting: RHB Anthony Rendon 0-0: Ball
1-0: Ground out 5-3 (Groundball, 56S, EV 83.1 MPH)
Batting: LHB Alfredo Salinas 0-0: Ball
1-0: Ball
2-0: Ground out 4-3 (Groundball, 4, EV 103.1 MPH)
Bottom of the 6th over - 2 runs, 2 hits, 0 errors, 0 left on base; Washington 3 - Toronto 3
TOP OF THE 7TH
Washington Nationals batting - Pitching for Toronto Blue Jays : RHP Eric Morgan
Batting: RHB Mathies Reuter 0-0: Called Strike
0-1: DOUBLE (Groundball, 5L, EV 98.8 MPH)
Batting: LHB David Dahl 0-0: Ground out 4-3 (Groundball, 4, EV 90.0 MPH)
Mathies Reuter to third
Batting: LHB Shane Mardirosian 0-0: Ball
1-0: Fly out, F6 (Line Drive, 6, EV 66.9 MPH)
Batting: RHB Manny Machado 0-0: Called Strike
0-1: Called Strike
0-2: Ball
1-2: Strikes out swinging
Top of the 7th over - 0 runs, 1 hit, 0 errors, 1 left on base; Washington 3 - Toronto 3
BOTTOM OF THE 7TH
Toronto Blue Jays batting - Pitching for Washington Nationals : RHP Doug Foster
Batting: SHB Maake Arnold 0-0: Ball
1-0: Called Strike
1-1: Foul Ball, location: 3F
1-2: Ball
2-2: Foul Ball, location: 23F
2-2: Fly out, F9 (Line Drive, 9S, EV 87.5 MPH)
Batting: SHB Yasmani Grandal 0-0: Swinging Strike
0-1: Called Strike
0-2: Ball
1-2: Foul Ball, location: 5SF
1-2: Ball
2-2: Ball
3-2: Foul Ball, location: 9LSF
3-2: Fly out, F5 (Popup, 56S, EV 87.5 MPH)
Batting: RHB Josh Morgan 0-0: Ball
1-0: Ball
2-0: Ground out 5-3 (Groundball, 56S, EV 82.5 MPH)
Bottom of the 7th over - 0 runs, 0 hits, 0 errors, 0 left on base; Washington 3 - Toronto 3
TOP OF THE 8TH
Washington Nationals batting - Pitching for Toronto Blue Jays : RHP Eric Morgan
Batting: LHB Bryce Harper 0-0: Ball
1-0: Ball
2-0: Called Strike
2-1: Ground out 5-3 (Groundball, 5, EV 89.4 MPH)
Batting: RHB Christian Walker 0-0: Foul Ball, location: 3FF
0-1: Foul Ball, location: 25F
0-2: Fly out, F7 (Flyball, 7, EV 91.9 MPH)
Batting: RHB Oscar Hernandez 0-0: Ball
1-0: Foul Ball, location: 2F
1-1: Ball
2-1: DOUBLE (Line Drive, 3D, EV 105.0 MPH)
Batting: RHB Miguel Sano 0-0: Called Strike
0-1: Foul Ball, location: 5SF
0-2: Strikes out swinging
Top of the 8th over - 0 runs, 1 hit, 0 errors, 1 left on base; Washington 3 - Toronto 3
BOTTOM OF THE 8TH
Toronto Blue Jays batting - Pitching for Washington Nationals : RHP Doug Foster
Pitching: LHP Jacob Lindgren
Pinch Hitting: RHB Yohel Pozo 0-0: SINGLE (Line Drive, 8LS, EV 95.6 MPH)
Pinch Hitting: RHB Marcell Ozuna 0-0: Called Strike
0-1: Ball
1-1: Foul Ball, location: 25FF
1-2: Foul Ball, location: 2F
1-2: Ball
2-2: Strikes out swinging
Batting: RHB Jonathan Fremlin 0-0: Called Strike
0-1: Ball
1-1: Ball
2-1: Called Strike
2-2: Foul Ball, location: 7LSF
2-2: Ground out 6-3 (Groundball, P, EV 78.8 MPH)
Yohel Pozo to second
Batting: LHB Rintaro Ikeda 0-0: Ball
1-0: DOUBLE (Flyball, 78D, EV 92.5 MPH)
Yohel Pozo scores
Pitching: RHP Dominic Bingham
Pinch Runner at 2nd C.J. Cron:
Batting: RHB Anthony Rendon 0-0: Called Strike
0-1: Called Strike
0-2: Ball
1-2: Foul Ball, location: 2F
1-2: Ball
2-2: SINGLE (Groundball, 34D, EV 98.1 MPH)
C.J. Cron to third
Runner from 3rd tries for Home, SAFE, throw by RF to home
Anthony Rendon to second
Batting: LHB Alfredo Salinas 0-0: Called Strike
0-1: Ball
Passed Ball!
Anthony Rendon to third
1-1: Ground out 4-3 (Groundball, 34, EV 104.4 MPH)
Bottom of the 8th over - 2 runs, 3 hits, 0 errors, 1 left on base; Washington 3 - Toronto 5
TOP OF THE 9TH
Washington Nationals batting - Pitching for Toronto Blue Jays : RHP Eric Morgan
Pitching: RHP Trevor Rosenthal
Now at 1B: C.J. Cron
Now at 2B: Yohel Pozo
Now at SS: Josh Morgan
Now in RF: Marcell Ozuna
Batting: RHB Jeremy Austin 0-0: Ground out 1-3 (Groundball, P, EV 70.0 MPH)
Batting: RHB Mathies Reuter 0-0: Fly out, F8 (Flyball, 8LXD, EV 103.1 MPH)
Batting: LHB David Dahl 0-0: Fly out, F9 (Line Drive, 9S, EV 91.9 MPH)
Top of the 9th over - 0 runs, 0 hits, 0 errors, 0 left on base; Washington 3 - Toronto 5
Monday, April 7th , 2025 - OOTP Baseball 26.1 Build 45